[Event "ICC tourney 2045 (75 10)"]
[Site "Internet Chess Club"]
[Date "2020.10.09"]
[Round "1"]
[White "andrewj508"]
[Black "Yuhanliu"]
[Result "1-0"]
[ICCResult "Black checkmated"]
[WhiteElo "1108"]
[BlackElo "233"]
[Opening "Scotch game"]
[ECO "C45"]
[NIC "SO.05"]
[Time "20:04:01"]
[TimeControl "4500+10"]

1. e4 e5 2. Nf3 Nc6 3. d4 exd4 4. Nxd4 Bc5 5. Be3 Nge7 6. Nxc6 Bxe3 7. Nxd8
Kxd8 8. fxe3 d6 9. Nc3 Be6 10. Qd2 Re8 11. e5 Kd7 12. exd6 cxd6 13. Nb5 Rad8
14. Qxd6+ Kc8 15. Nxa7# {Black checkmated} 1-0

[Event "ICC tourney 2045 (75 10)"]
[Site "Internet Chess Club"]
[Date "2020.10.09"]
[Round "1"]
[White "lucachesschess"]
[Black "JCJ2018"]
[Result "1-0"]
[ICCResult "Black checkmated"]
[WhiteElo "1251"]
[BlackElo "1028"]
[Opening "QGD Slav: 4.Nc3"]
[ECO "D15"]
[NIC "SL.03"]
[Time "20:03:54"]
[TimeControl "4500+10"]

1. d4 d5 2. c4 Nf6 3. Nc3 c6 4. Nf3 Be6 5. Bf4 dxc4 6. a4 Nd5 7. Bg3 Nd7 8.
e4 Nxc3 9. bxc3 b5 10. axb5 cxb5 11. Ng5 h6 12. Nxe6 fxe6 13. Qh5+ g6 14.
Qxg6# {Black checkmated} 1-0

[Event "ICC tourney 2045 (75 10)"]
[Site "Internet Chess Club"]
[Date "2020.10.09"]
[Round "1"]
[White "MGrei"]
[Black "minecraftchess"]
[Result "0-1"]
[ICCResult "White checkmated"]
[WhiteElo "1082"]
[BlackElo "925"]
[Opening "Ruy Lopez: old Steinitz defense"]
[ECO "C62"]
[NIC "RL.02"]
[Time "20:04:04"]
[TimeControl "4500+10"]

1. e4 e5 2. Nf3 Nc6 3. Bb5 d6 4. d4 Bd7 5. O-O Nf6 6. Re1 g6 7. c3 Bg7 8.
Nbd2 O-O 9. Bxc6 Bxc6 10. dxe5 dxe5 11. Nxe5 Re8 12. Nxc6 bxc6 13. Qf3 Qd7
14. Nb3 Rad8 15. Bg5 Qd6 16. Rad1 Qe7 17. e5 Rxd1 18. Qxd1 Rd8 19. Qf3 h6
20. exf6 Qxe1# {White checkmated} 0-1

[Event "ICC tourney 2045 (75 10)"]
[Site "Internet Chess Club"]
[Date "2020.10.09"]
[Round "1"]
[White "HemingLiu"]
[Black "leilei8514"]
[Result "0-1"]
[ICCResult "White checkmated"]
[WhiteElo "712"]
[BlackElo "1144"]
[Opening "Sicilian: Pelikan, Chelyabinsk variation"]
[ECO "B33"]
[NIC "SI.37"]
[Time "20:03:55"]
[TimeControl "4500+10"]

1. e4 c5 2. Nf3 Nc6 3. d4 cxd4 4. Nxd4 Nf6 5. Nc3 e5 6. Ndb5 d6 7. Bg5 a6 8.
Na3 b5 9. Nd5 Be7 10. Bxf6 Bxf6 11. c3 O-O 12. Nc2 Rb8 13. Be2 Bg5 14. O-O
Be6 15. b4 Ne7 16. Nce3 Bxe3 17. fxe3 Bxd5 18. exd5 Qc7 19. Bd3 Qxc3 20. Rb1
e4 21. Bxe4 Qxe3+ 22. Kh1 Qxe4 23. h3 Qxd5 24. Qxd5 Nxd5 25. Rfd1 Nc3 26.
Rxd6 Nxb1 27. Rxa6 Nc3 28. Ra3 Nd5 29. Rb3 Rfc8 30. a3 Rc3 31. Rxc3 Nxc3 32.
g4 Ra8 33. Kg2 Rxa3 34. h4 Nd5 35. g5 Nxb4 36. h5 Nd5 37. h6 g6 38. Kf2 Rc3
39. Kg2 b4 40. Kf2 b3 41. Ke2 b2 42. Kd2 b1=Q 43. Ke2 Qb2+ 44. Ke1 Rc1#
{White checkmated}
0-1

[Event "ICC tourney 2045 (75 10)"]
[Site "Internet Chess Club"]
[Date "2020.10.09"]
[Round "1"]
[White "johnzabraham"]
[Black "BArkadia"]
[Result "0-1"]
[ICCResult "White resigns"]
[WhiteElo "935"]
[BlackElo "1205"]
[Opening "Two knights defense (Modern bishop's opening)"]
[ECO "C55"]
[NIC "IG.01"]
[Time "20:04:19"]
[TimeControl "4500+10"]

1. e4 e5 2. Nf3 Nc6 3. Bc4 Nf6 4. d3 d5 5. exd5 Nxd5 6. O-O Bg4 7. c3 Bd6 8.
h3 h5 9. Bxd5 e4 10. dxe4 Ne5 11. Re1 Nxf3+ 12. gxf3 Bxh3 13. e5 Bc5 14. e6
Qf6 15. exf7+ Kf8 16. Qe2 Qg6+ {White resigns} 0-1

[Event "ICC tourney 2045 (75 10)"]
[Site "Internet Chess Club"]
[Date "2020.10.09"]
[Round "1"]
[White "Artush04"]
[Black "RahulPeesa"]
[Result "0-1"]
[ICCResult "White checkmated"]
[WhiteElo "799"]
[BlackElo "1155"]
[Opening "Caro-Kann defense"]
[ECO "B10"]
[NIC "CK.01"]
[Time "20:04:45"]
[TimeControl "4500+10"]

1. e4 c6 2. Nf3 d5 3. c3 Bg4 4. exd5 cxd5 5. Be2 Nc6 6. d4 e6 7. O-O Bd6 8.
Be3 Nf6 9. Bg5 O-O 10. h3 Bh5 11. Nh4 Bxe2 12. Qxe2 h6 13. Bxf6 Qxf6 14. Qf3
Qxh4 15. Nd2 Qf4 16. Qxf4 Bxf4 17. Nf3 Na5 18. b3 Rac8 19. b4 Nc4 20. g3 Nd2
21. Nxd2 Bxd2 22. f4 Bxc3 23. Rad1 Bxb4 24. g4 Rc4 25. f5 Bc3 26. Kg2 Rxd4
27. Rxd4 Bxd4 28. fxe6 fxe6 29. Rxf8+ Kxf8 30. a4 e5 31. Kf3 e4+ 32. Ke2 Ke7
33. h4 Bc5 34. g5 hxg5 35. hxg5 d4 36. Kd2 d3 37. Kd1 e3 38. Ke1 e2 39. Kd2
Bb4+ 40. Kxd3 e1=Q 41. Kc4 Qc3+ 42. Kd5 Qc5+ 43. Ke4 Qxg5 44. Kd3 Kd6 45.
Ke4 Ke6 46. a5 Qe5+ 47. Kd3 Qc3+ 48. Ke2 Ke5 49. a6 bxa6 50. Kf1 Kf4 51. Kg2
Qg3+ 52. Kh1 Qg6 53. Kh2 Bc5 54. Kh1 Qg1# {White checkmated} 0-1

[Event "ICC tourney 2045 (75 10)"]
[Site "Internet Chess Club"]
[Date "2020.10.09"]
[Round "1"]
[White "Maximusiv"]
[Black "ABecker755"]
[Result "0-1"]
[ICCResult "White resigns"]
[WhiteElo "1037"]
[BlackElo "1288"]
[Opening "French: advance, Paulsen attack"]
[ECO "C02"]
[NIC "FR.03"]
[Time "20:04:00"]
[TimeControl "4500+10"]

1. e4 e6 2. d4 d5 3. e5 c5 4. Nf3 Nc6 5. c3 Qb6 6. b4 cxb4 7. cxb4 Bxb4+ 8.
Bd2 Nge7 9. a3 Bxd2+ 10. Qxd2 Nf5 11. Nc3 Nfxd4 12. Nxd4 Qxd4 13. Nb5 Qxa1+
14. Ke2 Qxe5+ {White resigns} 0-1

[Event "ICC tourney 2045 (75 10)"]
[Site "Internet Chess Club"]
[Date "2020.10.09"]
[Round "1"]
[White "temporarydanger"]
[Black "DaveGriffin"]
[Result "0-1"]
[ICCResult "White checkmated"]
[WhiteElo "1135"]
[BlackElo "853"]
[Opening "French: advance variation"]
[ECO "C02"]
[NIC "FR.03"]
[Time "20:03:55"]
[TimeControl "4500+10"]

1. e4 e6 2. d4 d5 3. e5 c5 4. Bf4 Qb6 5. b3 cxd4 6. Nf3 Nc6 7. a4 Bb4+ 8.
Nbd2 Nge7 9. Bb5 a6 10. Bd3 Bd7 11. O-O Bc3 12. Rb1 Nb4 13. Qe2 Nxd3 14.
Qxd3 Ng6 15. Bg3 O-O 16. Ng5 Qd8 17. Bf4 b5 18. h4 f5 19. exf6 Rxf6 20. h5
Rxf4 21. hxg6 Qxg5 22. gxh7+ Kh8 23. g3 Bxd2 24. Qxd2 Rg4 25. Qd3 Be8 26.
Kg2 Bg6 27. Qe2 Rf8 28. Rh1 Be4+ 29. Kg1 Bxh1 30. Kxh1 Qh5+ 31. Kg2 Rxg3+
32. Kxg3 Qxe2 33. Rh1 Qxf2+ 34. Kg4 Qf3+ 35. Kg5 Rf5+ 36. Kg6 Qg4#
{White checkmated}
0-1

[Event "ICC tourney 2045 (75 10)"]
[Site "Internet Chess Club"]
[Date "2020.10.09"]
[Round "1"]
[White "Alberttheshow"]
[Black "boxingguy2469x"]
[Result "0-1"]
[ICCResult "White checkmated"]
[WhiteElo "554"]
[BlackElo "1144"]
[Opening "Giuoco Piano"]
[ECO "C54"]
[NIC "IG.02"]
[Time "20:04:03"]
[TimeControl "4500+10"]

1. e4 e5 2. Nf3 Nc6 3. Bc4 Bc5 4. c3 Nf6 5. d4 exd4 6. cxd4 Bb4+ 7. Bd2
Bxd2+ 8. Nbxd2 d5 9. exd5 Nxd5 10. Bxd5 Qxd5 11. O-O O-O 12. Re1 Nxd4 13.
Nxd4 Qxd4 14. Nb3 Qxb2 15. Nc5 Qb5 16. Nb3 Qg5 17. Rc1 Bh3 18. Qf3 Be6 19.
Rxc7 Bd5 20. Qh3 Rfe8 21. Rxe8+ Rxe8 22. f3 Qe3+ 23. Kf1 Qe1# {White
checkmated} 0-1

[Event "ICC tourney 2045 (75 10)"]
[Site "Internet Chess Club"]
[Date "2020.10.09"]
[Round "1"]
[White "oxdidi"]
[Black "AJRChess2011"]
[Result "0-1"]
[ICCResult "White checkmated"]
[WhiteElo "1078"]
[BlackElo "1297"]
[Opening "Sicilian defense"]
[ECO "B30"]
[NIC "SI.31"]
[Time "20:04:17"]
[TimeControl "4500+10"]

1. e4 c5 2. Nf3 Nc6 3. Bc4 e6 4. O-O Nge7 5. Nc3 Ng6 6. Qe2 Be7 7. d3 O-O 8.
Be3 Na5 9. Bb3 Nxb3 10. axb3 d5 11. exd5 exd5 12. d4 cxd4 13. Bxd4 Re8 14.
Qd2 Bd6 15. Rfe1 Rxe1+ 16. Rxe1 Bf4 17. Qd3 Be6 18. Ne2 Bd6 19. Ng3 Qd7 20.
Nh5 Bf8 21. Qc3 Rc8 22. Qd2 Bg4 23. Ng3 Bxf3 24. gxf3 Qh3 25. Qe2 Nh4 26.
Qf1 Nxf3+ 27. Kh1 Qxh2# {White checkmated} 0-1

[Event "ICC tourney 2045 (75 10)"]
[Site "Internet Chess Club"]
[Date "2020.10.09"]
[Round "1"]
[White "Gnanathan"]
[Black "oliver-kc"]
[Result "1/2-1/2"]
[ICCResult "Black stalemated"]
[WhiteElo "1137"]
[BlackElo "776"]
[Opening "Sicilian: Najdorf, 6...e6"]
[ECO "B95"]
[NIC "SI.04"]
[Time "20:07:49"]
[TimeControl "4500+10"]

1. e4 c5 2. Nf3 d6 3. d4 cxd4 4. Nxd4 Nf6 5. Nc3 a6 6. Bg5 e6 7. Bc4 Nbd7 8.
O-O Ne5 9. Bb3 Be7 10. f4 Neg4 11. Bxf6 Nxf6 12. e5 Nd7 13. Qh5 Nc5 14. f5
O-O 15. fxe6 fxe6 16. exd6 Qxd6 17. Rad1 Qb6 18. Qe5 Bf6 19. Qe3 Nxb3 20.
axb3 e5 21. Nf5 Qxe3+ 22. Nxe3 Be6 23. Ned5 Bxd5 24. Rxd5 Rad8 25. Rfd1 Rxd5
26. Rxd5 Re8 27. Ne4 Kf8 28. Rd7 Re7 29. Rd5 Ke8 30. Kf2 Rd7 31. Rxd7 Kxd7
32. Ke3 Kc6 33. Kd3 Kd5 34. g4 Bh4 35. g5 h6 36. gxh6 gxh6 37. Nd2 Bg5 38.
Ne4 b5 39. c4+ bxc4+ 40. bxc4+ Kc6 41. b4 Bf4 42. h3 h5 43. h4 Bh2 44. Nf6
Bf4 45. Nxh5 Bh6 46. Ke4 Bd2 47. b5+ axb5 48. cxb5+ Kxb5 49. Kxe5 Kc6 50.
Ng7 Kd7 51. Kf5 Ke7 52. Kg6 Kf8 53. h5 Kg8 54. Ne6 Bc1 55. Nd4 Be3 56. Nf5
Bc1 57. Ng3 Bf4 58. Ne4 Bc1 59. Ng5 Bxg5 60. Kxg5 Kh7 61. h6 Kh8 62. Kh5 Kh7
63. Kg5 Kh8 64. Kg6 Kg8 65. h7+ Kh8 66. Kh6 {Black stalemated} 1/2-1/2

[Event "ICC tourney 2045 (75 10)"]
[Site "Internet Chess Club"]
[Date "2020.10.09"]
[Round "1"]
[White "kl1050"]
[Black "akumarum"]
[Result "1-0"]
[ICCResult "Black resigns"]
[WhiteElo "1332"]
[BlackElo "1064"]
[Opening "Ruy Lopez: Berlin defense, 4.O-O"]
[ECO "C65"]
[NIC "RL.07"]
[Time "20:04:01"]
[TimeControl "4500+10"]

1. e4 e5 2. Nf3 Nc6 3. Bb5 Nf6 4. O-O Be7 5. Re1 d6 6. d4 a6 7. Bxc6+ bxc6
8. dxe5 dxe5 9. Nxe5 Qxd1 10. Rxd1 Bb7 11. Nc3 O-O 12. Bf4 Bd6 13. Nd3 Bxf4
14. Nxf4 c5 15. e5 Ng4 16. Rd7 Rac8 17. Rad1 Nxe5 18. Re7 Ng6 19. Nxg6 fxg6
20. Rdd7 Kh8 21. Rxg7 Rfe8 22. Rxh7+ Kg8 23. Rdg7+ Kf8 24. Kf1 Re6 25. Rxc7
Rxc7 26. Rxc7 Bc6 27. Ra7 Bb5+ 28. Nxb5 axb5 29. Rb7 b4 30. Rd7 Ke8 31. Rd2
Kf7 32. Re2 Rd6 33. Ke1 Kf6 34. c3 bxc3 35. bxc3 Rd3 36. Re3 Rd6 37. c4 Ra6
38. a3 Ra4 39. Rc3 Ke5 40. Kd2 Kd4 41. h4 Ra7 42. g4 Rh7 43. Rh3 Kxc4 44.
Kc2 g5 45. Rc3+ Kb5 46. hxg5 Rg7 47. f4 Rf7 48. f5 Kc6 49. g6 Rg7 50. Re3
Kd6 51. Re6+ Kd7 52. a4 {Black resigns} 1-0

[Event "ICC tourney 2045 (75 10)"]
[Site "Internet Chess Club"]
[Date "2020.10.09"]
[Round "1"]
[White "EdwardS"]
[Black "ThomasEH"]
[Result "1-0"]
[ICCResult "Black checkmated"]
[WhiteElo "1044"]
[BlackElo "1065"]
[Opening "QGD: exchange, positional line"]
[ECO "D35"]
[NIC "QO.16"]
[Time "20:04:45"]
[TimeControl "4500+10"]

1. d4 d5 2. c4 e6 3. Nc3 Nf6 4. cxd5 exd5 5. Bg5 Be7 6. e3 h6 7. Bh4 O-O 8.
Bd3 Nc6 9. a3 Be6 10. Nge2 Qd7 11. Qc2 Ne8 12. Bxe7 Nxe7 13. O-O Nf6 14. f3
Rac8 15. b4 Nf5 16. Kf2 Nd6 17. Nf4 c6 18. Rg1 Bf5 19. Bxf5 Nxf5 20. g4 Nd6
21. g5 hxg5 22. Rxg5 Qe7 23. Rag1 g6 24. Nxg6 Nfe4+ 25. Nxe4 Nxe4+ 26. fxe4
fxg6+ 27. Ke2 dxe4 28. Rxg6+ Kf7 29. Rg7+ Ke8 30. Rxe7+ Kxe7 31. Qxe4+ Kd7
32. Rg7+ Kd8 33. Qe7# {Black checkmated} 1-0

[Event "ICC tourney 2045 (75 10)"]
[Site "Internet Chess Club"]
[Date "2020.10.09"]
[Round "1"]
[White "sganesh2004"]
[Black "mohitmukkollu"]
[Result "1-0"]
[ICCResult "Black resigns"]
[WhiteElo "1120"]
[BlackElo "1091"]
[Opening "English: symmetrical, four knights system"]
[ECO "A30"]
[NIC "TD.06"]
[Time "20:04:14"]
[TimeControl "4500+10"]

1. c4 c5 2. Nf3 Nc6 3. Nc3 Nf6 4. e3 e6 5. d4 d5 6. cxd5 exd5 7. Be2 Be7 8.
O-O O-O 9. dxc5 Bxc5 10. a3 Bf5 11. b4 Bb6 12. Na4 Bc7 13. Re1 Qd6 14. Bb2
Bg4 15. g3 Rad8 16. Nc5 Rb8 17. Rc1 a5 18. b5 Ne7 19. Qc2 b6 20. Na6 Bxf3
21. Qxc7 Qxc7 22. Rxc7 Bxe2 23. Nxb8 Rxb8 24. Rxe2 Ng6 25. Rec2 h6 26. Rc8+
Rxc8 27. Rxc8+ Kh7 28. Bxf6 gxf6 29. Rb8 Ne5 30. Rxb6 {Black resigns} 1-0

[Event "ICC tourney 2045 (75 10)"]
[Site "Internet Chess Club"]
[Date "2020.10.09"]
[Round "1"]
[White "SreeVSundaram"]
[Black "zbashar"]
[Result "0-1"]
[ICCResult "White resigns"]
[WhiteElo "775"]
[BlackElo "1151"]
[Opening "Nimzo-Indian defense"]
[ECO "E20"]
[NIC "NI.30"]
[Time "20:03:53"]
[TimeControl "4500+10"]

1. d4 Nf6 2. c4 e6 3. Nc3 Bb4 4. Bd2 c5 5. Nf3 cxd4 6. Nxd4 O-O 7. e3 b6 8.
Bd3 Nc6 9. O-O Ne5 10. Be2 Bb7 11. a3 Be7 12. b3 d5 13. cxd5 Nxd5 14. Nxd5
Qxd5 15. Bf3 Nxf3+ 16. Nxf3 Rfd8 17. Re1 Qf5 18. Ra2 Rd3 19. Qb1 Bxf3 20.
gxf3 Rad8 21. Qd1 Qd5 22. e4 Qd4 23. Re2 Bg5 24. Qf1 Rxd2 25. Rexd2 Bxd2 26.
Qa6 Qf6 27. e5 Qg6+ 28. Kf1 Qb1+ {White resigns} 0-1

[Event "ICC tourney 2045 (75 10)"]
[Site "Internet Chess Club"]
[Date "2020.10.09"]
[Round "1"]
[White "MYMChessWyatt"]
[Black "dynamic-lucy"]
[Result "1-0"]
[ICCResult "Black resigns"]
[WhiteElo "1248"]
[BlackElo "981"]
[Opening "Giuoco Pianissimo"]
[ECO "C50"]
[NIC "IG.02"]
[Time "20:04:16"]
[TimeControl "4500+10"]

1. e4 e5 2. Nf3 Nc6 3. Bc4 Bc5 4. d3 d6 5. c3 Nf6 6. a4 a6 7. b4 Bb6 8. a5
Ba7 9. O-O Bg4 10. Nbd2 h6 11. h3 Bh5 12. Re1 O-O 13. Nf1 d5 14. exd5 Nxd5
15. Bb2 Nf4 16. Ng3 Bxf3 17. Qxf3 Re8 18. Ne2 Nxe2+ 19. Rxe2 Re7 20. Ba3 Rd7
21. Rd1 Qe8 22. d4 Kh8 23. d5 f6 24. Re4 Nd8 25. Rh4 Nf7 26. Bd3 Ng5 27. Qf5
Qg8 28. Qxd7 Qd8 29. Qf5 Qg8 30. Bc1 Qc8 31. Qg6 Qe8 32. Bxg5 Qxg6 33. Bxg6
fxg5 34. Re4 Rf8 {Black resigns} 1-0

[Event "ICC tourney 2045 (75 10)"]
[Site "Internet Chess Club"]
[Date "2020.10.09"]
[Round "1"]
[White "nb12"]
[Black "traycon"]
[Result "1-0"]
[ICCResult "Black resigns"]
[WhiteElo "1267"]
[BlackElo "969"]
[Opening "Caro-Kann: Tartakower (Nimzovich) variation"]
[ECO "B15"]
[NIC "CK.06"]
[Time "20:04:00"]
[TimeControl "4500+10"]

1. e4 c6 2. d4 d5 3. Nc3 dxe4 4. Nxe4 Nf6 5. Nxf6+ exf6 6. Nf3 Bd6 7. Bc4
O-O 8. O-O Bg4 9. h3 Bxf3 10. Qxf3 Qb6 11. c3 Na6 12. Bb3 Nc7 13. Bf4 Bxf4
14. Qxf4 Rad8 15. Rfe1 Ne6 16. Qg4 Rd6 17. Bxe6 Rxe6 18. Rxe6 fxe6 19. Qxe6+
Rf7 20. b3 Qd8 21. Re1 Kf8 22. Kf1 Re7 23. Qxe7+ Qxe7 24. Rxe7 Kxe7 25. Ke2
Kd6 26. Ke3 c5 27. c4 a5 28. d5 g5 29. Ke4 Ke7 30. Kf5 b6 31. g3 h5 32. f3
h4 33. gxh4 gxh4 34. Kg4 Kd6 35. f4 b5 36. Kf5 bxc4 37. bxc4 Ke7 38. a4 Kf7
39. d6 Ke8 40. Kxf6 Kd7 41. Ke5 Kd8 42. Kd5 Kd7 43. Kxc5 Ke6 44. Kc6 Kf7 45.
d7 {Black resigns} 1-0

[Event "ICC tourney 2045 (75 10)"]
[Site "Internet Chess Club"]
[Date "2020.10.09"]
[Round "1"]
[White "VinaySridhar"]
[Black "BishoptoC4"]
[Result "0-1"]
[ICCResult "White resigns"]
[WhiteElo "811"]
[BlackElo "317"]
[Opening "Nimzo-Indian defense"]
[ECO "E20"]
[NIC "NI.30"]
[Time "20:04:32"]
[TimeControl "4500+10"]

1. d4 Nf6 2. c4 e6 3. Nc3 Bb4 4. Bd2 d5 5. e3 O-O 6. Nf3 c5 7. a3 Bxc3 8.
Bxc3 Ne4 9. Qc2 b6 10. Bd3 Bb7 11. Nd2 f5 12. f3 Qh4+ 13. g3 Nxg3 14. O-O-O
Nxh1 15. Rxh1 Nd7 16. Nb3 Rac8 17. Rg1 Nf6 18. Qg2 Rf7 19. Nd2 g6 20. Qg3
Qxg3 21. Rxg3 cxd4 22. exd4 Ba6 23. b3 dxc4 24. bxc4 Nd5 25. Kb2 Ne3 26. Kb3
Rfc7 27. f4 Bxc4+ 28. Bxc4 Nxc4 29. Nf3 Nd6 30. Ng5 Ne4 31. Nxe4 fxe4 32.
Bb4 Rd7 33. Bc3 Rdc7 34. Re3 Rxc3+ 35. Rxc3 Rxc3+ 36. Kxc3 Kf7 37. Kb4 Kf6
38. Kc3 Kf5 39. Kd2 Kxf4 40. Ke2 e3 41. Ke1 {White resigns} 0-1

[Event "ICC tourney 2045 (75 10)"]
[Site "Internet Chess Club"]
[Date "2020.10.09"]
[Round "1"]
[White "Davide25"]
[Black "JMConklin"]
[Result "1-0"]
[ICCResult "Black checkmated"]
[WhiteElo "1145"]
[BlackElo "226"]
[Opening "QGD: Tarrasch defense"]
[ECO "D32"]
[NIC "TD.11"]
[Time "20:04:09"]
[TimeControl "4500+10"]

1. d4 d5 2. c4 e6 3. Nc3 c5 4. cxd5 exd5 5. Nf3 Nf6 6. g3 cxd4 7. Nxd4 Nc6
8. Bg2 Bb4 9. O-O Bxc3 10. bxc3 O-O 11. Bg5 h6 12. Bxf6 Qxf6 13. Bxd5 Bh3
14. Bg2 Bxg2 15. Kxg2 Rfd8 16. e3 Ne5 17. Qe2 Rac8 18. Rac1 Nc4 19. Rfd1 b5
20. Qf3 Qb6 21. Rb1 Na3 22. Rb3 Qa5 23. Nc6 Rxc6 24. Rxd8+ Qxd8 25. Qxc6 Qa5
26. Qe8+ Kh7 27. Qe4+ g6 28. Qb4 Qxb4 29. cxb4 Nc4 30. Rd3 Kg7 31. f4 Kf6
32. Kf3 Ke6 33. e4 a6 34. g4 f5 35. gxf5+ gxf5 36. e5 h5 37. Ke2 Ke7 38. Rh3
Ke6 39. Rxh5 a5 40. bxa5 Nxa5 41. Kd3 Nc4 42. Rh8 Nb2+ 43. Kc3 Na4+ 44. Kb4
Kd5 45. Kxb5 Nc3+ 46. Kb4 Nxa2+ 47. Ka3 Nc3 48. Rh3 Ne2 49. Rf3 Ke4 50. Rf2
Nxf4 51. Rxf4+ Kxf4 52. e6 Ke5 53. e7 Ke6 54. e8=Q+ Kf6 55. Qc6+ Kg5 56. Qf3
f4 57. Kb3 Kf5 58. Kc3 Ke5 59. Kd3 Kf5 60. Kd4 Kg5 61. Ke4 Kg6 62. Qxf4 Kg7
63. Qd6 Kf7 64. Ke5 Kg7 65. Kf5 Kf7 66. Qd7+ Kg8 67. Kf6 Kh8 68. Qg7#
{Black checkmated}
1-0

[Event "ICC tourney 2045 (75 10)"]
[Site "Internet Chess Club"]
[Date "2020.10.09"]
[Round "1"]
[White "Captcha"]
[Black "ethanz1606"]
[Result "1-0"]
[ICCResult "Black checkmated"]
[WhiteElo "1002"]
[BlackElo "1017"]
[Opening "Giuoco Piano"]
[ECO "C50"]
[NIC "IG.02"]
[Time "20:04:45"]
[TimeControl "4500+10"]

1. e4 e5 2. Nf3 Nc6 3. Bc4 Bc5 4. O-O Nf6 5. d3 O-O 6. c3 d6 7. h3 Be6 8.
Bxe6 fxe6 9. Qb3 Qc8 10. a4 Nh5 11. Qc2 d5 12. exd5 exd5 13. b4 Bd6 14. Re1
Qf5 15. Qe2 Rae8 16. Nh4 Qf6 17. Nf3 e4 18. dxe4 Rxe4 19. Qa2 Kh8 20. Be3
Nf4 21. Nbd2 Ree8 22. b5 Nd8 23. Nd4 c5 24. bxc6 bxc6 25. N2f3 c5 26. Nb5 a6
27. Nxd6 Qxd6 28. Bxf4 Rxe1+ 29. Rxe1 Qxf4 30. Qxd5 Qxa4 31. Qxc5 Re8 32.
Rxe8+ Qxe8 33. Qa3 Qe6 34. Qf8+ Qg8 35. Qxg8+ Kxg8 36. Kf1 Ne6 37. g3 Nc5
38. Ke2 a5 39. Ne1 Ne4 40. c4 a4 41. Nc2 Kf7 42. Ke3 Nc5 43. Kd4 Ne6+ 44.
Kd5 Ke7 45. c5 Nc7+ 46. Kc6 Kd8 47. Kb6 Nd5+ 48. Kc6 Nc7 49. f4 g6 50. Kd6
Nb5+ 51. Kc6 Nc7 52. Na3 Ne6 53. Kd5 Kd7 54. c6+ Ke7 55. Nb5 Nc7+ 56. Nxc7
a3 57. Nb5 a2 58. c7 a1=Q 59. c8=Q Qd1+ 60. Nd4 Qh1+ 61. Ke5 Qe1+ 62. Kd5
Qh1+ 63. Ke5 Qe1+ 64. Kd5 Qh1+ 65. Nf3 Qxf3+ 66. Kd4 Qf2+ 67. Ke4 Qe2+ 68.
Kd4 Qd2+ 69. Ke4 Qg2+ 70. Ke5 Qe2+ 71. Kd5 Qd3+ 72. Ke5 Qe3+ 73. Kd5 Qd3+
74. Kc6 Qc4+ 75. Kb7 Qb5+ 76. Ka8 Qa5+ 77. Kb8 Kd6 78. Qf8+ Kc6 79. Qf6+ Kd7
80. Qf7+ Kc6 81. Qe6+ Kb5 82. Qd5+ Kb6 83. Qxa5+ Kxa5 84. Kc8 Kb4 85. Kd7
Kc3 86. Ke6 Kd3 87. Kf6 Ke3 88. Kg5 Kf3 89. g4 Kg3 90. h4 h6+ 91. Kxh6 Kxh4
92. Kxg6 Kxg4 93. f5 Kf4 94. f6 Ke5 95. f7 Ke6 96. f8=Q Kd7 97. Qf6 Kc7 98.
Qe6 Kb7 99. Qd6 Kc8 100. Qe7 Kb8 101. Kf6 Kc8 102. Ke6 Kb8 103. Kd6 Ka8 104.
Kc6 Kb8 105. Qb7# {Black checkmated} 1-0

[Event "ICC tourney 2045 (75 10)"]
[Site "Internet Chess Club"]
[Date "2020.10.10"]
[Round "2"]
[White "oliver-kc"]
[Black "ZebraGamer"]
[Result "0-1"]
[ICCResult "White checkmated"]
[WhiteElo "760"]
[BlackElo "385"]
[Opening "Two knights defense (Modern bishop's opening)"]
[ECO "C55"]
[NIC "IG.01"]
[Time "11:03:39"]
[TimeControl "4500+10"]

1. e4 e5 2. Nf3 Nc6 3. Bc4 Nf6 4. d3 Nd4 5. Nxe5 d5 6. exd5 Nxd5 7. O-O Bd6
8. Nxf7 Kxf7 9. Bxd5+ Kf8 10. c3 Bxh2+ 11. Kxh2 Qd6+ 12. Kg1 Qxd5 13. cxd4
b5 14. Nc3 Qc6 15. d5 Qd6 16. Nxb5 Qxd5 17. Nxc7 Qc6 18. Nxa8 Bb7 19. d4
Qxg2# {White checkmated} 0-1

[Event "ICC tourney 2045 (75 10)"]
[Site "Internet Chess Club"]
[Date "2020.10.10"]
[Round "2"]
[White "zbashar"]
[Black "kl1050"]
[Result "1-0"]
[ICCResult "Black checkmated"]
[WhiteElo "1157"]
[BlackElo "1160"]
[Opening "Vienna gambit"]
[ECO "C29"]
[NIC "VG.04"]
[Time "11:03:48"]
[TimeControl "4500+10"]

1. e4 e5 2. Nc3 Nf6 3. f4 Nc6 4. fxe5 Nxe5 5. d4 Nc6 6. e5 Ng8 7. Nf3 d6 8.
Bb5 Bd7 9. O-O dxe5 10. Bg5 f6 11. Bh4 g5 12. Nxg5 fxg5 13. Qh5+ Ke7 14.
Qf7+ Kd6 15. Ne4# {Black checkmated} 1-0

[Event "ICC tourney 2045 (75 10)"]
[Site "Internet Chess Club"]
[Date "2020.10.10"]
[Round "2"]
[White "april2012"]
[Black "Gnanathan"]
[Result "0-1"]
[ICCResult "White checkmated"]
[WhiteElo "856"]
[BlackElo "1153"]
[Opening "Queen's pawn, Mason variation"]
[ECO "D00"]
[NIC "QP.08"]
[Time "11:04:08"]
[TimeControl "4500+10"]

1. d4 d5 2. Bf4 Nf6 3. e3 g6 4. c3 Bg7 5. Bd3 O-O 6. Nd2 Nc6 7. Qe2 Re8 8.
Ngf3 Bg4 9. h3 Bxf3 10. Qxf3 e5 11. dxe5 Nxe5 12. Qe2 c5 13. O-O-O d4 14.
exd4 Nc6 15. Qf3 cxd4 16. c4 Qb6 17. b3 Nb4 18. Bb1 Qa6 19. Rde1 Nxa2+ 20.
Bxa2 Qxa2 21. g4 Qa1+ 22. Kc2 Rxe1 23. Rxe1 Qxe1 24. Qxb7 Re8 25. Qxa7 Qe7
26. Qxd4 Ne4 27. Qd3 Nxf2 28. Qf3 Ne4 29. Qd3 Rd8 30. Qe3 Rxd2+ 31. Kc1 Qa3+
32. Kb1 Qb2# {White checkmated} 0-1

[Event "ICC tourney 2045 (75 10)"]
[Site "Internet Chess Club"]
[Date "2020.10.10"]
[Round "2"]
[White "RahulPeesa"]
[Black "Captcha"]
[Result "1-0"]
[ICCResult "Black resigns"]
[WhiteElo "1156"]
[BlackElo "832"]
[Opening "Queen's pawn, Mason variation, Steinitz counter-gambit"]
[ECO "D00"]
[NIC "QP.08"]
[Time "11:04:28"]
[TimeControl "4500+10"]

1. d4 d5 2. Bf4 c5 3. c3 Nc6 4. e3 Qb6 5. Qb3 Qxb3 6. axb3 cxd4 7. exd4 e6
8. Nf3 Nf6 9. Bb5 Bd7 10. Nbd2 Nh5 11. Be3 Bd6 12. b4 O-O 13. Nb3 a6 14. Bd3
Nf4 15. Bc2 Nxg2+ 16. Kd2 Nxe3 17. fxe3 Ne7 18. Rhg1 Bb5 19. Nc5 Bxc5 20.
bxc5 Rab8 21. Ba4 Bxa4 22. Rxa4 Nc6 23. b4 f6 24. Ra2 e5 25. Nh4 exd4 26.
exd4 Ne7 27. Kd3 Kh8 28. Re2 Rbe8 29. Rge1 Kg8 30. Rxe7 Rxe7 31. Rxe7 Rf7
32. Nf5 Rxe7 33. Nxe7+ Kf7 34. Nxd5 Ke6 35. Nf4+ Kf5 36. Ke3 g5 37. Ne2 h5
38. d5 Ke5 39. c4 g4 40. d6 Ke6 41. Nd4+ Kd7 42. Kf4 b6 43. cxb6 Kxd6 44.
c5+ Kd7 45. c6+ Kc8 46. b7+ Kc7 47. Ne6+ Kb8 {Black resigns} 1-0

[Event "ICC tourney 2045 (75 10)"]
[Site "Internet Chess Club"]
[Date "2020.10.10"]
[Round "2"]
[White "minecraftchess"]
[Black "MYMChessWyatt"]
[Result "0-1"]
[ICCResult "White checkmated"]
[WhiteElo "908"]
[BlackElo "1238"]
[Opening "Sicilian: closed"]
[ECO "B23"]
[NIC "SI.44"]
[Time "11:03:59"]
[TimeControl "4500+10"]

1. e4 c5 2. Nc3 d6 3. Bc4 e6 4. d3 a6 5. Bf4 b5 6. Bb3 Bb7 7. Qf3 Nc6 8.
O-O-O Nd4 9. Qe3 a5 10. a3 b4 11. axb4 axb4 12. Nce2 Nxb3+ 13. cxb3 d5 14.
d4 dxe4 15. Kc2 Nf6 16. dxc5 Qc8 17. Kb1 Nd5 18. Qxe4 Nc3+ 19. Nxc3 Bxe4+
20. Nxe4 Qb7 21. Ne2 Qxe4+ 22. Kc1 Qxe2 23. Kb1 Be7 24. c6 Bf6 25. Rd2 Qe4+
26. Kc1 Ra1# {White checkmated} 0-1